 Dungeon Crawl Stone Soup version 0.22-b1-26-g9dbaab1112 (webtiles) character file.

114 IceCat the Shield-Bearer (level 4, 0/43 HPs)
             Began as a Gargoyle Fighter on Aug 9, 2018.
             Slain by a killer bee zombie (3 damage)
             ... on level 2 of the Dungeon.
             The game lasted 00:02:19 (994 turns).

IceCat the Shield-Bearer (Gargoyle Fighter)          Turns: 994, Time: 00:02:19

Health: 0/43       AC: 22    Str: 21    XL:     4   Next: 97%
Magic:  4/4        EV:  2    Int:  8    God:
Gold:   77         SH:  9    Dex:  9    Spells: 3/3 levels left

rFire    . . .     SeeInvis .   a - +0 flail
rCold    . . .     Gourm    .   c - +0 shield
rNeg     + + +     Faith    .   (armour currently unavailable)
rPois    ∞         Spirit   .   (helmet currently unavailable)
rElec    .         Reflect  .   (cloak currently unavailable)
rCorr    .         Harm     .   (gloves currently unavailable)
MR       .....     NoTele   +   (boots currently unavailable)
Stlth    +.........             (no amulet)
HPRegen  0.14/turn              (no ring)
MPRegen  0.09/turn              (no ring)

@: tree-form
A: negative energy resistance 1, petrification resistance, rot immunity, AC +3
a: no special abilities


You were on level 2 of the Dungeon.
You were hungry.
You were a tree.
You visited 1 branch of the dungeon, and saw 2 of its levels.

You collected 77 gold pieces.

Inventory:

Hand Weapons
 a - a +0 flail (weapon)
Armour
 b - a +0 scale mail (melded)
 c - a +0 shield (worn)
Scrolls
 i - a scroll of magic mapping {unknown}
Potions
 d - a potion of might
 e - a potion of haste {unknown}
 g - a potion of lignification
 h - a potion of brilliance {unknown}
Comestibles
 f - 5 rations


   Skills:
 + Level 3.8 Fighting
 * Level 3.5 Maces & Flails
 + Level 3.7 Armour
 - Level 0.3 Dodging
 + Level 4.0 Shields


You had 3 spell levels left.
You didn't know any spells.
Your spell library was empty.

Dungeon Overview and Level Annotations

Branches:
Dungeon (2/15)

Altars:

Annotations:
D:2 1 runed door


Innate Abilities, Weirdness & Mutations

You are resistant to torment.
((Your stone body is resilient. (AC +3)))
You are immune to poison.
You resist negative energy. (rN+)
((You are resistant to electric shocks. (rElec)))
((You can survive without breathing.))
You are immune to petrification.
You are immune to rotting.


Message History

You barely miss the killer bee zombie.
The killer bee zombie is heavily damaged.
The killer bee zombie hits you.
* * * LOW HITPOINT WARNING * * *
The killer bee zombie hits you but does no damage.
You barely miss the killer bee zombie.
The killer bee zombie is heavily damaged.
You block the killer bee zombie's attack. x2
You barely miss the killer bee zombie.
The killer bee zombie is heavily damaged.
The killer bee zombie barely misses you.
The killer bee zombie hits you but does no damage.
You closely miss the killer bee zombie.
The killer bee zombie is heavily damaged.
The killer bee zombie hits you but does no damage.
You block the killer bee zombie's attack.
You closely miss the killer bee zombie.
The killer bee zombie is heavily damaged.
The killer bee zombie hits you.
You die...

#.# ##.#.####
#.########..#.#
#........).##.#
#....†.######.#
#.....(# #.# #......#
##.# ## #......# #..#
#. #......# #)## #.
## #♣##..## ###.# #.
#..#Z###.# #...# #.
#...##.####(######.
#..........(.......
...$.....###.#######
#########...†.....(..
#..##.####### ## ##.#
#.#


You could see a killer bee zombie.

Vanquished Creatures
  Jessica (D:2)
  4 adders (D:2)
  3 worms (D:2)
  3 leopard geckos
  A ball python (D:1)
  A giant cockroach (D:1)
  4 hobgoblins
  4 bats
  2 frilled lizards (D:2)
  8 goblins
  4 kobolds
  8 rats
43 creatures vanquished.

Notes
Turn   | Place    | Note
-------+----------+-------------------------------------------
     0 | D:1      | IceCat the Gargoyle Fighter began the quest for the Orb.
     0 | D:1      | Reached XP level 1. HP: 14/14 MP: 1/1
   127 | D:1      | Reached XP level 2. HP: 16/19 MP: 2/2
   602 | D:1      | Reached XP level 3. HP: 24/24 MP: 3/3
   816 | D:2      | Reached XP level 4. HP: 20/29 MP: 4/4
   852 | D:2      | Found a runed door.
   940 | D:2      | Noticed Jessica
   943 | D:2      | Killed Jessica
   943 | D:2      | Reached skill level 4 in Shields
   994 | D:2      | Slain by a killer bee zombie

Skill      XL: |  1  2  3  4 |
---------------+-------------+-----
Maces & Flails | 3 |  3.5
Shields        | 4 |  4.0
Fighting       | |  3.8
Armour         | |  3.7
Dodging        | |  0.3

Action                   |  1- 3 |  4- 6 || total
-------------------------+-------+-------++-------
Melee: Flail             |   115 |    76 ||   191
  Use: Potion            |       |     1 ||     1
Armor: Scale mail        |    74 |    34 ||   108
       Skin              |       |     5 ||     5
Dodge: Dodged            |    47 |    31 ||    78
Block: Shield            |    76 |    45 ||   121
